 Dungeon Crawl Stone Soup version 0.31-a0-632-g766dd24fdf (webtiles) character file.

Game seed: 10976102337544684301

214 ytrimaz the Ducker (level 5, -1/37 HPs)
             Began as a Merfolk Shapeshifter on Aug 25, 2023.
             Was an Initiate of Okawaru.
             Slain by a gnoll
             ... wielding a +0 flail
              (11 damage)
             ... on level 3 of the Dungeon.
             The game lasted 00:03:52 (2965 turns).

ytrimaz the Ducker (Merfolk Shapeshifter)           Turns: 2965, Time: 00:03:52

Health: -1/37      AC:  3    Str: 21    XL:     5   Next: 92%
Magic:  5/5        EV: 19    Int:  7    God:    Okawaru [......]
Gold:   258        SH:  0    Dex: 17    Spells: 4/4 levels left

rFire   . .          .
                       - Unarmed
rCold   . . .        (no shield)
rNeg    . . .        i - +0 leather armour
rPois   .            (helmet currently unavailable)
rElec   .            (cloak currently unavailable)
rCorr   .            (gloves currently unavailable)
SInv    .            (boots currently unavailable)
Will    .....        (no amulet)
Stlth   +            l - +6 ring of strength
HPRegen 0.26/turn    r - +5 ring of evasion
MPRegen 0.09/turn

%: no passive effects
@: beast-form, invisible
A: beast (slay +2), (nimble swimmer 2), mertail
a: Begin Untransformation, Renounce Religion


You were on level 3 of the Dungeon.
You worshipped Okawaru.
Okawaru was noncommittal.
You were a hulking beast.
You visited 2 branches of the dungeon, and saw 6 of its levels.

You collected 258 gold pieces.


Innate Abilities, Weirdness & Mutations

You are a hulking beast.
Your limbs bulge with bestial killing power. (Slay +2)
((You are very nimble when in or above water. (Stealth+, EV+, Speed+++)))
Your lower body shifts to a powerful aquatic tail in water.


   Skills:
 - Level 1.1 Fighting
 + Level 5.7 Dodging
 + Level 5.4 Unarmed Combat
 - Level 4.1 Shapeshifting


You had 4 spell levels left.
You didn't know any spells.
Your spell library contained the following spells:

 Spells                   Type           Power      Damage    Failure   Level
 Inner Flame              Hex/Fire       0%         N/A       85%         3
 Yara's Violent Unravell  Hex/Tmut       0%         3d3       100%        5
 Enfeeble                 Hex            0%         N/A       100%        7

Inventory:

Missiles
 h - 3 throwing nets
Armour
 i - a +0 leather armour (worn)
   (You found it on level 2 of the Dungeon)
 o - a +0 pair of gloves
   (You found it on level 2 of the Dungeon)
Jewellery
 j - a ring of wizardry
   (You found it on level 2 of the Dungeon)
 l - a +6 ring of strength (left hand)
   (You found it on level 2 of the Dungeon)
 q - a ring of willpower
   (You found it on level 2 of the Dungeon)
 r - a +5 ring of evasion (right hand)
   (You found it on level 3 of the Dungeon)
Talismans
 c - a beast talisman (active)
 d - a flux talisman
Wands
 v - a wand of flame (14)
   (You found it on level 4 of the Dungeon)
Scrolls
 a - 6 scrolls of identify {unknown}
 f - 2 scrolls of blinking {unknown}
 k - a scroll of amnesia {unknown}
 m - a scroll of teleportation {unknown}
 n - a scroll of fear {unknown}
 p - a scroll of enchant armour {unknown}
 s - a scroll of fog {unknown}
 w - a scroll of revelation {unknown}
 x - a scroll of poison {unknown}
Potions
 b - 2 potions of lignification
 e - a potion of resistance {unknown}
 g - a potion of invisibility
 t - 2 potions of heal wounds {unknown}
 u - a potion of haste {unknown}
 z - a potion of curing {unknown}

Dungeon Overview and Level Annotations

Branches:
Dungeon (5/15) Zot: 26326  Temple (1/1) D:5 Zot: 5987

Altars:
Ashenzari
Elyvilon
Hepliaklqana
Makhleb
Nemelex Xobeh
Okawaru
Qazlal
Ru
Sif Muna
Trog
Uskayaw
Vehumet
Xom
Yredelemnul
Zin
The Shining One

#.# .# #.# #.# #.#
#.# #.# #.# #.#
#.#.#####.# ######
#.#.......#
#....###.#####....
#h##.........'....
#g#..###.#####....
#>g..........'...)
###.#.########....
#o#+# #.... #..
##### #... <.r..
......


You could see 2 gnolls and an orc (unable to see you).


Message History

You take 4 damage, and now have 33/37 hp.
Unknown command.
You barely miss the endoplasm. The endoplasm misses you.
You hit the endoplasm.
You kill the endoplasm!
Okawaru accepts your kill.
No target in view!
Key pressed, stopping explore.
No target in view! 😎 HP[+4]
Your hp is fully restored (37).
Unknown command.
Key pressed, stopping explore.
No target in view!
Found a stone staircase leading up.
A giant cockroach comes into view.
A giant cockroach is nearby!
A giant cockroach is nearby!
A giant cockroach is nearby!
You hit the giant cockroach.
You kill the giant cockroach!
Okawaru accepts your kill.
You see here a giant cockroach corpse.
No target in view!
You see here 4 stones.
Unknown command.
You open the door.
There is an open door here.
There is an open door here.
Key pressed, stopping explore.
You open the door.
There is an open door here.
You open the door.
An adder comes into view.
The adder hisses angrily.
There is an open door here.
An adder is nearby!
An adder is nearby!
An adder is nearby!
You hit the adder. The adder barely misses you.
You hit the adder.
You kill the adder!
Okawaru accepts your kill.
No target in view!
No target in view!
Unknown command.
Found a stone staircase leading down.
An orc priest and a dart slug come into view.
Found an escape hatch in the ceiling.
The orc priest shouts!
You hear a shout! x2
An orc comes into view. It is wielding a +0 trident.
There are monsters nearby!
There are monsters nearby!
There are monsters nearby!
An orc and a rat come into view.
The orc shouts!
The orc priest calls down the wrath of Beogh upon you.
Beogh smites you!
The rat moves out of view.
You hear a shout! 😮 HP[-14]
You take 14 damage, and now have 23/37 hp.
MASSIVE DAMAGE!! (PAUSE) 3 gnolls come into view.
A gnoll is wielding a +1 spear of freezing.
The gnoll shouts! x2
The orc priest calls down the wrath of Beogh upon you.
Beogh smites you!
* * * LOW HITPOINT WARNING * * *
😨 HP[-11]
You take 11 damage, and now have 12/37 hp.
MASSIVE DAMAGE!! (PAUSE) Unknown command.
It was a potion of invisibility.
You fade into invisibility! 😨 HP[+1]
The orc priest invokes the aid of Beogh against something.
You barely resist.
You hit the orc priest but do no damage.
You punch the orc priest. You hit the orc priest.
The orc priest misses you. 😨 HP[+1]
You hit the orc priest. You punch the orc priest.
The orc priest hits you with a +0 mace.
* * * LOW HITPOINT WARNING * * *
😱 HP[-5]
You take 5 damage, and now have 9/37 hp.
You closely miss the orc priest.
A gnoll comes into view. It is wielding a +0 flail.
The orc priest completely misses you.
The dart slug launches a dart at the orc priest.
The slug dart hits the orc priest.
The orc priest dies!
Unknown command.
The gnoll shouts!
The gnoll completely misses you.
There is a stone staircase leading down here. 😨 HP[+1]
The gnoll barely misses you.
You hit the gnoll. The gnoll hits you with a +0 flail!
You die...

Skill      XL: |  1  2  3  4  5 |
---------------+----------------+-----
Dodging        | 3 4 5 |  5.7
Unarmed Combat | 4 5 |  5.4
Fighting       | |  1.1
Shapeshifting  | |  4.1

Action                     |  1- 3 |  4- 6 || total
---------------------------+-------+-------++-------
  Melee: Unarmed           |   102 |    89 ||   191
         Punch             |     2 |     2 ||     4
    Use: Potion            |       |     1 ||     1
   Stab: Sleeping          |     1 |       ||     1
 Armour: Animal skin       |    19 |       ||    19
         Leather armour    |     8 |    11 ||    19
  Dodge: Dodged            |    84 |    74 ||   158

Levels and vault maps discovered:
D:1:      heliophobic_arrival_ceremonial_halls, layout_rooms, bh_walls_and_bars
D:2:      layout_loops_corners, grunt_decor_fettered,
          minmay_randomly_rotated_circles
D:3:      layout_basic, dreamdust_ecumenical_altar_angels_and_demons,
          kennysheep_nondescript, serial_park_tiny_2, solitary_fountain
D:4:      layout_basic, nicolae_overflow_hallway_of_the_gods
D:5:      layout_basic, nicolae_dithmenos_shadow_blocks,
          minmay_temple_entry_antechambers
Temple:   eino_temple_rhombus

Notes
Turn   | Place    | Note
-------+----------+-------------------------------------------
     0 | D:1      | ytrimaz the Merfolk Shapeshifter began the quest for the
                  | Orb.
     0 | D:1      | Reached XP level 1. HP: 15/15 MP: 1/1
     0 | D:1      | magus.rc [v1.9.6]
    21 | D:1      | HP: 3/15 [rat (1)]
   262 | D:1      | Reached skill level 3 in Dodging
   262 | D:1      | Reached XP level 2. HP: 21/21 MP: 2/2
   334 | D:1      | HP: 4/21 [frozen (4)]
   339 | D:1      | HP: 3/21 [frilled lizard (2)]
   531 | D:1      | Reached XP level 3. HP: 15/26 MP: 3/3
   619 | D:1      | Reached skill level 4 in Unarmed Combat
   864 | D:2      | You pick up a book of Misfortune and begin reading...
   864 | D:2      | You add the spells Inner Flame, Yara's Violent Unravelling
                  | and Enfeeble to your library.
  1162 | D:2      | Reached skill level 4 in Dodging
  1438 | D:2      | Reached XP level 4. HP: 32/32 MP: 4/4
  1779 | D:3      | magus.rc [v1.9.6]
  1868 | D:3      | You fall into a shaft and drop 2 floors!
  1868 | D:5      | Entered Level 5 of the Dungeon
  2063 | D:5      | Found a staircase to the Ecumenical Temple.
  2127 | Temple   | Entered the Ecumenical Temple
  2133 | Temple   | Became a worshipper of Warmaster Okawaru
  2214 | D:5      | Reached XP level 5. HP: 27/37 MP: 5/5
  2221 | D:5      | Reached skill level 5 in Dodging
  2221 | D:5      | Reached skill level 5 in Unarmed Combat
  2783 | D:3      | Found a faded altar of an unknown god.
  2959 | D:3      | HP: 9/37 [orc priest/+0 mace (5)]
  2965 | D:3      | Slain by a gnoll

Vanquished Creatures
  A hound (D:5)
  An iguana (D:5)
  5 adders
  An ufetubus (D:5)
  2 worms
  2 dart slugs
  An orc (D:4)
  7 endoplasms
  4 giant cockroaches
  6 goblins
  3 hobgoblins
  6 jackals
  3 quokkas
  8 ball pythons
  5 bats
  4 frilled lizards
  6 kobolds
  4 rats
69 creatures vanquished.

Vanquished Creatures (others)
  An orc priest (D:3)
1 creature vanquished.

Grand Total: 70 creatures vanquished

Table legend:
 A = Non-vault XP
 B = Vault XP
 C = Vault XP percentage of total XP
 D = Non-vault monster count
 E = Vault monster count
 F = Vault count percentage of total count
                 A         B        C        D         E       F
            +---------+---------+-------+---------+---------+-------
      Total |     298 |       9 |   2.9 |      64 |       6 |   8.6
            +---------+---------+-------+---------+---------+-------
        D:1 |      41 |       0 |   0.0 |      25 |       0 |   0.0
        D:2 |      64 |       9 |  12.3 |      20 |       6 |  23.1
        D:3 |      57 |       0 |   0.0 |       6 |       0 |   0.0
        D:4 |      47 |       0 |   0.0 |      10 |       0 |   0.0
        D:5 |      89 |       0 |   0.0 |       3 |       0 |   0.0
            +---------+---------+-------+---------+---------+-------

Skill      XL: |  1  2  3  4  5 |
---------------+----------------+-----
Dodging        | 3 4 5 |  5.7
Unarmed Combat | 4 5 |  5.4
Fighting       | |  1.1
Shapeshifting  | |  4.1

Action                     |  1- 3 |  4- 6 || total
---------------------------+-------+-------++-------
  Melee: Unarmed           |   102 |    89 ||   191
         Punch             |     2 |     2 ||     4
    Use: Potion            |       |     1 ||     1
   Stab: Sleeping          |     1 |       ||     1
 Armour: Animal skin       |    19 |       ||    19
         Leather armour    |     8 |    11 ||    19
  Dodge: Dodged            |    84 |    74 ||   158

Illustrated notes

Table legend:
 A = Kills in this place as a percentage of kills in the entire game.
 B = Kills by you in this place as a percentage of kills by you in the entire game.
 C = Kills by friends in this place as a percentage of kills by friends in the entire game.
 D = Other kills in this place as a percentage of other kills in the entire game.
 E = Experience gained in this place as a percentage of experience gained in the entire game.
 F = Experience gained in this place divided by the number of levels of this place that you have seen.
                   A       B       C       D       E      F
               +-------+-------+-------+-------+-------+----------------------
         Total | 100.0 | 100.0 |   N/A | 100.0 | 100.0 |  51.2
       Dungeon | 100.0 | 100.0 |   N/A | 100.0 | 100.0 |  61.4
               +-------+-------+-------+-------+-------+----------------------

Table legend: (Time is in decaauts)
 A = Elapsed time spent in this place.
 B = Non-inter-level travel time spent in this place.
 C = Inter-level travel time spent in this place.
 D = Time resting spent in this place.
 E = Time spent auto-exploring this place.
 F = Levels seen in this place.
 G = Mean time per level.
                   A        B        C        D        E       F      G
               +--------+--------+--------+--------+--------+-----+--------+
         Total |   2949 |   2886 |     63 |     41 |   2247 |   6 |  491.5 |
       Dungeon |   2936 |   2878 |     58 |     41 |   2247 |   5 |  587.2 |
        Temple |     12 |      7 |      5 |      0 |      0 |   1 |   12.0 |
               +--------+--------+--------+--------+--------+-----+--------+

Top non-repeatable levels by time:
     D:2: 956 daAuts
     D:1: 812 daAuts
     D:4: 436 daAuts
     D:5: 405 daAuts
     D:3: 326 daAuts
  Temple: 12 daAuts
